 Dungeon Crawl Stone Soup version 0.31.0-32-g396128a36d (webtiles) character file.

Game seed: 10992805967444280317

80 Buffagor the Changeling (level 4, -8/28 HPs)
             Began as an Octopode Shapeshifter on Mar 25, 2024.
             Mangled by Terence
             ... wielding a +0 flail
              (10 damage)
             ... on level 3 of the Dungeon.
             The game lasted 00:02:55 (1072 turns).

Buffagor the Changeling (Octopode Shapeshifter)     Turns: 1072, Time: 00:02:55

Health: -8/28      AC:  1    Str: 13    XL:     4   Next: 39%
Magic:  4/4        EV: 13    Int: 12    God:
Gold:   122        SH:  0    Dex: 13    Spells: 3/3 levels left

rFire   . .          .
                       - Unarmed
rCold   . . .        (no shield)
rNeg    . . .        (helmet currently unavailable)
rPois   .            (no amulet)
rElec   .            (no ring)
rCorr   .            (no ring)
SInv    .            (no ring)
Will    .....        (no ring)
Stlth   ++           (no ring)
HPRegen 0.24/turn    (no ring)
MPRegen 0.09/turn    (no ring)
                     (no ring)

%: no passive effects
@: beast-form
A: beast (slay +2), almost no armour, amphibious, 8 rings, camouflage 1,
gelatinous body 1, (nimble swimmer 1), tentacles
a: Begin Untransformation


You were on level 3 of the Dungeon.
You were a hulking beast.
You visited 1 branch of the dungeon, and saw 3 of its levels.

You collected 122 gold pieces.

Inventory:

Hand Weapons
 b - a +0 sling of electrocution
Talismans
 c - a flux talisman
 j - a beast talisman
Scrolls
 e - a scroll of torment {unknown}
 f - 2 scrolls of identify {unknown}
 h - 2 scrolls of immolation {unknown}
 i - a scroll of fog {unknown}
 k - a scroll of summoning {unknown}
Potions
 a - a potion of lignification
 d - a potion of berserk rage {unknown}
 g - a potion of might {unknown}


   Skills:
 - Level 1.0 Fighting
 - Level 2.0 Dodging
 + Level 3.8 Unarmed Combat
 * Level 4.2 Shapeshifting


You had 3 spell levels left.
You didn't know any spells.
Your spell library contained the following spells:

 Spells                   Type           Power      Damage    Failure   Level
 Alistair's Intoxication  Alch           0%         N/A       100%        5
 Borgnjor's Vile Clutch   Necr/Erth      0%         N/A       100%        5
 Eringya's Noxious Bog    Alch           0%         4d6       100%        6


Dungeon Overview and Level Annotations

Branches:
Dungeon (3/15)

Altars:

Shops:
D:2 =

Annotations:
D:3 Terence


Innate Abilities, Weirdness & Mutations

You are a hulking beast.
Your limbs bulge with bestial killing power. (Slay +2)
You cannot wear most types of armour.
You are amphibious.
You can wear up to eight rings at the same time.
Your skin changes colour to match your surroundings (Stealth+).
Your rubbery body absorbs attacks. (AC +1, EV +1)
((You are camouflaged when in or above water. (Stealth+)))
You have tentacles for arms and can constrict up to eight enemies at once.


Message History

Your +0 sling of electrocution stops crackling.
You are now empty-tentacled.
You tentacle-slap Terence but do no damage.
Your grab misses Terence.
Terence is moderately wounded.
Terence closely misses you.
You tentacle-slap Terence. Your grab misses Terence.
Terence is moderately wounded.
Terence barely misses you.
Unknown command.
You barely miss Terence. You grab Terence.
Terence is moderately wounded.
You constrict Terence, but do no damage.
Terence hits you with a +0 flail!
You tentacle-slap Terence but do no damage.
Terence is moderately wounded.
You constrict Terence, but do no damage.
Terence hits you with a +0 flail.
You tentacle-slap Terence but do no damage.
You squeeze Terence!
Terence is severely wounded.
You constrict Terence, but do no damage.
Terence barely misses you.
You tentacle-slap Terence but do no damage.
You squeeze Terence, but do no damage.
Terence is severely wounded.
You constrict Terence. Terence completely misses you.
You tentacle-slap Terence. You squeeze Terence, but do no damage.
Terence is severely wounded.
You constrict Terence. Terence hits you with a +0 flail!
* * * LOW HITPOINT WARNING * * *
Unknown command.
You tentacle-slap Terence but do no damage.
Terence is almost dead.
You constrict Terence.
You tentacle-slap Terence but do no damage.
Terence is almost dead.
You constrict Terence. Terence hits you with a +0 flail!
You die...
Terence says, "Time to find some more victims."

......#.....#........#
#........#.########.#
....#.<.............#
..........############
#.#.................#
#......#...#......#
###...<#...#<...#.#
......#...#....#
####.###...#.#h.# ..
#...#..@...#
#......#.### ..#....
.. ####.#.≈≈ .. .≈≈.
## #...≈ .....


You could see Terence.

Vanquished Creatures
  3 adders (D:2)
  A gnoll (D:1)
  A dart slug (D:2)
  A ribbon worm (D:2)
  2 ball pythons
  5 endoplasms
  A giant cockroach (D:2)
  2 goblins (D:1)
  5 hobgoblins
  3 quokkas
  4 bats
  3 kobolds
  6 rats
37 creatures vanquished.

Notes
Turn   | Place    | Note
-------+----------+-------------------------------------------
     0 | D:1      | Buffagor the Octopode Shapeshifter began the quest for the
                  | Orb.
     0 | D:1      | Reached XP level 1. HP: 13/13 MP: 1/1
   147 | D:1      | Reached XP level 2. HP: 14/18 MP: 2/2
   305 | D:1      | Reached XP level 3. HP: 23/23 MP: 3/3
   563 | D:2      | Found Teaxup's Jewellery Shop.
   569 | D:2      | Reached skill level 4 in Shapeshifting
   572 | D:2      | Reached XP level 4. HP: 16/28 MP: 4/4
  1057 | D:3      | Noticed Terence
  1072 | D:3      | Mangled by Terence

Illustrated notes

Levels and vault maps discovered:
D:1:      mainiacjoe_arrival_oval_in_oval, layout_rooms, minmay_statues_item
D:2:      layout_basic, serial_shops, shop
D:3:      layout_basic, nicolae_dithmenos_through_a_glass_darkly,
          nicolae_uskayaw_suspiria, uniq_terence

Skill      XL: |  1  2  3 |
---------------+----------+-----
Shapeshifting  | 4 |  4.2
Fighting       | |  1.0
Dodging        | |  2.0
Unarmed Combat | |  3.8

Action                     |  1- 3 |  4- 6 || total
---------------------------+-------+-------++-------
  Melee: Unarmed           |    42 |    24 ||    66
         Constrict         |    12 |     7 ||    19
         Tentacles         |     7 |     5 ||    12
         Punch             |     3 |       ||     3
   Fire: Sling             |       |     8 ||     8
  Throw: Stone             |     7 |     1 ||     8
   Stab: Sleeping          |     4 |       ||     4
 Armour: Skin              |    13 |     9 ||    22
  Dodge: Dodged            |    26 |    14 ||    40
